 Dungeon Crawl Stone Soup version 0.24.1-14-gf8d2b509d9 (webtiles) character file.

Game seed: 11233898396256202339, levelgen mode: deterministic

7201 Curus the Cleaver (level 11, -1/153 HPs)
             Began as a Hill Orc Berserker on May 26, 2020.
             Was a High Priest of Trog.
             Slain by a sun demon (13 damage)
             ... summoned by a kobold demonologist
             ... on level 8 of the Dungeon.
             The game lasted 00:43:31 (5960 turns).

Curus the Cleaver (Hill Orc Berserker)              Turns: 5960, Time: 00:43:33

Health: -1/153     AC: 19    Str: 26    XL:     11   Next: 11%
Magic:  11/11      EV:  7    Int:  9    God:    Trog [*****.]
Gold:   53         SH:  3    Dex: 13    Spells: 10/10 levels left

rFire    . . .     SeeInvis .   d - +3 hand axe (flame)
rCold    . . .     Gourm    .   m - +0 buckler {AC+3}
rNeg     . . .     Faith    .   K - +0 plate armour
rPois    .         Spirit   .   L - +1 helmet
rElec    .         Reflect  .   z - +2 cloak
rCorr    .         Harm     .   y - +0 pair of gloves
MR       +....                  (no boots)
Stlth    ..........             r - amulet of regeneration
HPRegen  0.75/turn              j - ring of protection from magic
MPRegen  0.12/turn              n - ring of flight

@: berserking, flying, very quick
A: clever 1, deformed body, evolution 1
a: Berserk, Trog's Hand, Brothers in Arms, Renounce Religion, Convert to Beogh


You were on level 8 of the Dungeon.
You worshipped Trog.
Trog was extremely pleased with you.
You were very hungry.

You visited 1 branch of the dungeon, and saw 8 of its levels.

You collected 473 gold pieces.
You spent 420 gold pieces at shops.

Inventory:

Hand Weapons
 a - a +0 hand axe
 d - a +3 hand axe of flaming (weapon)
Armour
 b - a +0 animal skin
 e - a +0 leather armour
 f - a +1 chain mail of poison resistance
 g - a +0 scale mail
 k - a +0 helmet
 m - a +0 buckler of protection (worn)
 o - the +1 chain mail "Ravvytah" {rC+}
   (You found it on level 4 of the Dungeon)

   It protects you from cold.
 p - a +0 cloak
 u - a +2 hat
 y - a +0 pair of gloves (worn)
 z - a +2 cloak (worn)
 A - a scarf of repulsion
 D - a +2 buckler
 K - a +0 plate armour (worn)
 L - a +1 helmet (worn)
Jewellery
 j - a ring of protection from magic (left hand)
 n - a ring of flight (right hand)
 r - an amulet of regeneration (around neck)
 M - an uncursed ring of wizardry
Wands
 v - a wand of polymorph (10)
 w - a wand of random effects (30)
 C - a wand of paralysis (10)
 J - a wand of scattershot (4)
 N - a wand of iceblast (12)
Scrolls
 h - 5 scrolls of remove curse
 l - a scroll of teleportation
 s - 6 scrolls of identify
 F - a scroll of fear
Potions
 i - 3 potions of curing
 q - a potion of invisibility
 t - a potion of heal wounds
 x - a potion of haste
 B - a potion of mutation
 E - 2 potions of flight
 G - a potion of cancellation
 H - 3 potions of might
 I - 2 potions of agility
Comestibles
 c - 10 rations


   Skills:
 + Level 11.2 Fighting
 - Level 14.1 Axes
 + Level 10.1 Armour
 - Level 1.5 Dodging


You had 10 spell levels left.
You didn't know any spells.
Your spell library was empty.

Dungeon Overview and Level Annotations

Branches:
Dungeon (8/15)             Temple (0/1) D:6
   Lair: D:8-11

Altars:
Ashenzari
Elyvilon
Fedhas
Kikubaaqudgha
Qazlal
Ru
Uskayaw
Xom
The Shining One

Shops:
D:7 !(

Annotations:
D:8 1 transporter


Innate Abilities, Weirdness & Mutations

Your mind is acute. (Int +2)
Armour fits poorly on your strangely shaped body.
You evolve.


Message History

You hit the sun demon. You block the sun demon's attack.
You block the iron imp's attack.
The kobold demonologist hits you but does no damage.
You hit the kobold demonologist. You burn the kobold demonologist.
The kobold demonologist is almost dead.
You hit the sun demon. You hit the iron imp. You slash the shadow imp!
You burn the shadow imp.
The kobold demonologist looks encouraged for a moment.
The sun demon hits you!
You are engulfed in flames!
* * * LOW HITPOINT WARNING * * *
The shadow imp hits you but does no damage.
The crimson imp blinks!
A red film seems to cover your vision as you go berserk!
You feel yourself moving faster!
You feel mighty!
You are feeling very hungry.
The kobold demonologist casts a spell.
The sun demon hits you!
* * * LOW HITPOINT WARNING * * *
You are engulfed in flames!
You die...

#.# #.......#.....#........).....
#.# #......................^.....
#.# #.........©..............))..
..# #.....#########.####.#...#)##
### #####.#8P.©.P8#.# #.#...#.##
# #.#P.....P#.# #.#...#)## #
#.####'####.# #.#...#.## ####
#.#5≈...≈5#.# #.#......# ...#
#.#K≈.§5@†#.# #........#
##.######.#o≈≈≈43K#.######...##..
#........#5≈≈⌠≈≈5#.#......####.#
########.#.≈≈P≈≈.#.#.####.###..#
#.#.≈.5.≈.#...####.##.#..
#.#.≈...≈.#.#.##.........
#.####+####......#.##>#..
#.#≈.$.(.≈#.#.####.......
#.#8P$©$P8#.........#.##.


You could see a sun demon, a hellwing, 2 kobold demonologists, 2 iron imps, an
orc priest, a crimson imp and 3 shadow imps.

Vanquished Creatures
  A queen ant (D:8)
  Eustachio (D:4)
  Grum (D:8)
  A hungry ghost (D:7)
  Menkaure (D:5)
  20 soldier ants (D:8)
  Duvessa (D:6)
  A sky beast (D:8)
  A hornet zombie (D:8)
  2 orc warriors
  2 phantoms
  2 wolves (D:8)
  2 ice beasts
  3 ogres
  2 centaurs
  A big kobold (D:8)
  2 bullfrogs
  3 scorpions
  Dowan (D:6)
  A howler monkey (D:8)
  5 wights (D:6)
  5 crimson imps
  A centaur zombie (D:7)
  6 hounds
  4 jellies
  4 orc priests (D:8)
  3 orc wizards
  Terence (D:2)
  4 iguanas
  26 worker ants
  A hound zombie (D:5)
  2 worker ant zombies
  Robin (D:2)
  A howler monkey zombie (D:5)
  15 adders
  A shadow imp (D:8)
  5 oozes (D:8)
  3 adder skeletons
  2 worms
  A dart slug (D:1)
  5 leopard geckos
  17 orcs
  A ball python (D:1)
  4 giant cockroaches
  19 goblins
  7 hobgoblins
  6 jackals (D:2)
  3 quokkas
  8 bats
  5 frilled lizards
  2 jackal zombies
  12 kobolds
  A leopard gecko skeleton (D:5)
  A quokka skeleton (D:4)
  3 rats
234 creatures vanquished.

Notes
Turn   | Place    | Note
-------+----------+-------------------------------------------
     0 | D:1      | Curus the Hill Orc Berserker began the quest for the Orb.
     0 | D:1      | Reached XP level 1. HP: 19/19 MP: 1/1
    93 | D:1      | Reached XP level 2. HP: 25/26 MP: 2/2
   208 | D:1      | Reached skill level 5 in Axes
   416 | D:1      | Reached XP level 3. HP: 31/31 MP: 3/3
   562 | D:2      | Noticed Terence
   571 | D:2      | Killed Terence
   571 | D:2      | Reached skill level 6 in Axes
   624 | D:2      | Reached XP level 4. HP: 39/39 MP: 4/4
   737 | D:2      | Reached ** piety under Trog
   877 | D:2      | Reached skill level 7 in Axes
   957 | D:2      | Noticed Robin
   961 | D:2      | Reached XP level 5. HP: 45/45 MP: 5/5
   969 | D:2      | Killed Robin
  1498 | D:3      | Reached skill level 8 in Axes
  1583 | D:3      | You fall into a shaft and drop 1 floor!
  1593 | D:4      | Reached *** piety under Trog
  1636 | D:4      | Noticed Eustachio
  1660 | D:4      | Killed Eustachio
  1660 | D:4      | Reached skill level 9 in Axes
  1660 | D:4      | Reached XP level 6. HP: 49/51 MP: 6/6
  1687 | D:4      | Gained mutation: Your mind is acute. (Int +2) [potion of
                  | mutation]
  1687 | D:4      | Gained mutation: You are robust. (+10% HP) [potion of
                  | mutation]
  1687 | D:4      | Gained mutation: Armour fits poorly on your strangely
                  | shaped body. [potion of mutation]
  1687 | D:4      | Gained mutation: You evolve. [potion of mutation]
  1730 | D:4      | Noticed a phantom
  1763 | D:4      | Killed a phantom
  1763 | D:4      | Reached skill level 10 in Axes
  1763 | D:4      | Reached XP level 7. HP: 62/62 MP: 7/7
  1851 | D:3      | Found a hide-covered altar of Uskayaw.
  1855 | D:3      | Found a sacrificial altar of Ru.
  1860 | D:3      | Found a shimmering altar of Xom.
  2097 | D:4      | Got an encrusted chain mail
  2261 | D:4      | Found a stormy altar of Qazlal.
  2377 | D:4      | Identified the +1 chain mail "Ravvytah" {rC+} (You found it
                  | on level 4 of the Dungeon)
  2379 | D:5      | Entered Level 5 of the Dungeon
  2385 | D:5      | Noticed Menkaure
  2391 | D:5      | Killed Menkaure
  2391 | D:5      | Reached skill level 11 in Axes
  2541 | D:5      | Lost mutation: You are robust. (+10% HP) [evolution]
  2643 | D:5      | Reached XP level 8. HP: 28/64 MP: 8/8
  2729 | D:5      | Reached skill level 12 in Axes
  3011 | D:5      | Reached **** piety under Trog
  3018 | D:5      | Reached skill level 13 in Axes
  3062 | D:5      | Found a white marble altar of Elyvilon.
  3062 | D:5      | Found a shattered altar of Ashenzari.
  3236 | D:6      | Noticed Dowan
  3251 | D:6      | Killed Dowan
  3252 | D:6      | Noticed Duvessa
  3269 | D:6      | Killed Duvessa
  3302 | D:6      | Reached skill level 14 in Axes
  3352 | D:6      | Reached XP level 9. HP: 60/71 MP: 9/9
  3462 | D:6      | Found a staircase to the Ecumenical Temple.
  3468 | D:6      | Reached skill level 5 in Fighting
  4013 | D:7      | Gained mutation: You occasionally shout uncontrollably at
                  | your foes. [evolution]
  4158 | D:7      | Found Matadwow's Antique Weapon Emporium.
  4263 | D:7      | Reached skill level 5 in Armour
  4365 | D:7      | Found a blossoming altar of Fedhas.
  4370 | D:7      | Found Witatoiq's Distillery.
  4387 | D:7      | Bought a potion of curing for 42 gold pieces
  4387 | D:7      | Bought a potion of curing for 42 gold pieces
  4387 | D:7      | Bought a potion of cancellation for 112 gold pieces
  4387 | D:7      | Bought 2 potions of might for 112 gold pieces
  4387 | D:7      | Bought a potion of agility for 56 gold pieces
  4387 | D:7      | Bought a potion of agility for 56 gold pieces
  4430 | D:7      | Found a glowing golden altar of the Shining One.
  4679 | D:8      | Found an ancient bone altar of Kikubaaqudgha.
  4703 | D:8      | Noticed Grum
  4716 | D:8      | Reached ***** piety under Trog
  4721 | D:8      | Reached XP level 10. HP: 36/88 MP: 10/10
  4728 | D:8      | Killed Grum
  4993 | D:8      | Lost mutation: You occasionally shout uncontrollably at
                  | your foes. [evolution]
  5189 | D:8      | Noticed a kobold demonologist
  5191 | D:8      | Found a transporter.
  5217 | D:8      | Reached skill level 10 in Fighting
  5281 | D:8      | Found a transporter.
  5297 | D:8      | Noticed a kobold demonologist
  5425 | D:8      | Noticed a queen ant
  5454 | D:8      | Killed a queen ant
  5454 | D:8      | Reached XP level 11. HP: 25/101 MP: 11/11
  5610 | D:8      | Reached skill level 10 in Armour
  5952 | D:8      | Noticed a sun demon
  5960 | D:8      | Slain by a sun demon

Levels and vault maps discovered:
D:1:      ncdulo_smallfort, layout_rooms
D:2:      layout_basic, first_ration, minmay_box_of_dots, uniq_terence,
          uniq_robin
D:3:      layout_rooms, minmay_overflow_temple_star_quad
D:4:      layout_rooms, lemuel_coloured_pillars_altar, uniq_eustachio
D:5:      layout_gridville, gammafunk_temple_overflow_wave,
          chequers_serial_rivers_small_3, uniq_menkaure
D:6:      layout_basic, minmay_temple_entry_drinking_statues, uniq_duvessa
D:7:      layout_basic, kennysheep_mini_moat, tso_altar, serial_shops, shop,
          shop, minmay_misc_feat_iff
D:8:      gammafunk_wand_slinger, layout_loops_cross, kennysheep_mini,
          hangedman_little_slice_of_home, minivault_29, uniq_grum

Skill      XL: |  1  2  3  4  5  6  7  8  9 10 11 |
---------------+----------------------------------+-----
Axes           | 5 6 7 9 10 11 14 | 14.1
Fighting       | 8 10 11 | 11.2
Armour         | 6 9 10 | 10.1
Dodging        | |  1.5

Action                   |  1- 3 |  4- 6 |  7- 9 | 10-12 || total
-------------------------+-------+-------+-------+-------++-------
Melee: Hand axe          |    67 |   171 |   439 |   324 ||  1001
Invok: Berserk           |     1 |       |     2 |     4 ||     7
       Trog's Hand       |       |       |       |     3 ||     3
Evoke: Wand              |       |       |     1 |     8 ||     9
  Use: Scroll            |     3 |     4 |     6 |     1 ||    14
       Potion            |     3 |     4 |     2 |     4 ||    13
  Eat: Chunk             |       |     4 |    10 |     6 ||    20
       Ration            |       |       |     1 |     1 ||     2
Armor: Animal skin       |     3 |       |       |       ||     3
       Scale mail        |    13 |       |       |       ||    13
       Chain mail        |     2 |    85 |   146 |    66 ||   299
       Plate armour      |       |       |       |    40 ||    40
Dodge: Dodged            |    41 |    59 |   101 |    61 ||   262
Block: Buckler           |       |     4 |    24 |    28 ||    56
